 Dungeon Crawl Stone Soup version 0.25-a0-362-g90ccd6aac3 (webtiles) character file.

Game seed: 183858018068117580, levelgen mode: deterministic

540 Conn the Magician (level 7, -3/43 HPs)
             Began as an Octopode Wizard on Jan 4, 2020.
             Slain by a small abomination (19 damage)
             ... on level 4 of the Dungeon.
             The game lasted 00:18:41 (5296 turns).

Conn the Magician (Octopode Wizard)                 Turns: 5296, Time: 00:18:42

Health: -3/43      AC:  1    Str:  4    XL:     7   Next: 26%
Magic:  11/13      EV: 13    Int: 22    God:
Gold:   232        SH:  0    Dex: 11    Spells: 2/15 levels left

rFire    + . .     SeeInvis .   i - +2 short sword (drain)
rCold    . . .     Gourm    .   (no shield)
rNeg     . . .     Faith    .   a - +0 hat
rPois    .         Spirit   .   d - amulet of the acrobat
rElec    .         Reflect  .   j - ring of flight
rCorr    +         Harm     .   o - -2 ring of strength (curse)
MR       .....     Rnd*Tele +   q - ring of teleportation (curse)
Stlth    +++.......             g - ring of protection from fire
HPRegen  0.14/turn              m - ring of resist corrosion
MPRegen  0.13/turn              (no ring)
                                (no ring)
                                (no ring)

@: no status effects
A: almost no armour, stealthy swim, amphibious, 8 rings, constrict 8, camouflage
1, gelatinous body 1
a: Evoke Flight


You were on level 4 of the Dungeon.
You were hungry.

You visited 1 branch of the dungeon, and saw 4 of its levels.

You collected 232 gold pieces.

Inventory:

Hand Weapons
 b - a +2 dagger of pain
 i - a +2 short sword of draining (weapon)
 A - the +3 whip "Keeheg" {distort, rN+}
   (You took it off a kobold on level 4 of the Dungeon)

   It warps and distorts space around it.
   Unwielding it can cause banishment or high damage.
   It protects you from negative energy.
Missiles
 y - 2 throwing nets (quivered)
Armour
 a - a +0 hat (worn)
 k - a +0 buckler
Jewellery
 d - an amulet of the acrobat (around mantle)
 g - a ring of protection from fire (on tentacle)
 h - an uncursed amulet of faith
 j - a ring of flight (left tentacle)
 m - a ring of resist corrosion (on tentacle)
 o - a cursed -2 ring of strength (right tentacle)
 q - a cursed ring of teleportation (on tentacle)
Wands
 v - a wand of enslavement (8)
 x - a wand of iceblast (10)
 z - a wand of polymorph (9)
Scrolls
 p - a scroll of amnesia
 s - a scroll of immolation
 u - a scroll of identify
 w - a scroll of teleportation
Potions
 e - a potion of lignification {unknown}
 f - a potion of invisibility {unknown}
 l - a potion of brilliance {unknown}
 n - a potion of flight {unknown}
 r - a potion of curing {unknown}
 t - a potion of haste {unknown}
Comestibles
 c - 9 rations


   Skills:
 * Level 1.0 Fighting
 + Level 1.7 Short Blades
 + Level 2.4 Dodging
 + Level 4.2 Stealth
 * Level 4.6 Spellcasting
 * Level 3.1 Conjurations
 + Level 1.7 Summonings
 * Level 3.7 Translocations


You had 2 spell levels left.
You knew the following spells:

 Your Spells              Type           Power        Failure   Level  Hunger
a - Magic Dart            Conj           ###.         3%          1    None
b - Blink                 Tloc           N/A          3%          2    None
c - Call Imp              Summ           ##......     8%          2    None
d - Conjure Flame         Conj/Fire      ##......     17%         3    ##.....
e - Mephitic Cloud        Conj/Pois/Air  #.......     21%         3    ##.....
f - Slow                  Hex            #.......     16%         2    None

Your spell library contained the following spells:

 Spells                   Type           Power        Failure   Level  Hunger
 Freeze                   Ice            #...         11%         1    None
 Gell's Gravitas          Tloc           ###.......   7%          3    ##.....
 Portal Projectile        Hex/Tloc       ##....       14%         3    ##.....
 Ozocubu's Armour         Chrm/Ice       #.......     32%         3    ##.....
 Hailstorm                Conj/Ice       ##......     50%         4    ####...
 Summon Ice Beast         Ice/Summ       #.......     58%         4    ####...
 Dispersal                Tloc           ###.......   98%         6    #######
 Controlled Blink         Tloc           N/A          100%        8    #######
 Disjunction              Tloc           ###.......   100%        8    #######


Dungeon Overview and Level Annotations

Branches:
Dungeon (4/15)
 Temple: D:4-7

Altars:
Makhleb

Portals:
Abyss: D:4

Annotations:
D:4 1 transporter, Zaque's ghost, weakling DgFE


Innate Abilities, Weirdness & Mutations

You cannot wear most types of armour.
You are very stealthy in the water. (Stealth+)
You are amphibious.
You can wear up to eight rings at the same time.
You can use your tentacles to constrict eight enemies at once.
Your skin changes colour to match your surroundings (Stealth+).
Your rubbery body absorbs attacks. (AC +1, EV +1)


Message History

Space bends around you.
You hit the kobold.
You kill the kobold!
Casting: Magic Dart (safe; 3% risk of failure)
Confirm with . or Enter, or press ? or * to list all spells.
Okay, then.
Zaque's ghost turns its malevolent gaze towards you.
Things that are here:
the +3 whip "Keeheg" {distort, rN+}; 9 poisoned darts; a kobold corpse
A - the +3 whip "Keeheg" {distort, rN+} Zaque's ghost barely misses you.
Press: ? - help, v - describe, . - travel
Here: Zaque's ghost The floor.
Unknown command.
Unknown command.
Casting: Magic Dart (safe; 3% risk of failure)
Confirm with . or Enter, or press ? or * to list all spells.
You blink.
The small abomination hits you!!
You die...

........##..............>(.#.#
#########..###....####.....#.#
# #.##.##..###.####..#.# #
#.#...##.#......#©.#.#
#########.##...###..#####..#.#
.......##..#....©..#####..##.#
######.###.###...∩##.....###.#
#..##...#.##.#......###.#
##.##...#..@##..###..##.#
#..#..##.#x#..##.##..#.#
##.#.##§W..##.#^.###.#.#
#...#.###.x###...##...#
#..##..###..#.#x##...##
#..#.#..^.^^.##$#..###
#..#.###x..##.#.#..#
#..###.##©####.##.##
#)......###..###..#


You could see 2 small abominations.

Vanquished Creatures
  A crimson imp (D:3)
  A hound (D:4)
  4 orc priests (D:4)
  2 orc wizards
  7 gnolls (D:4)
  5 adders
  An ooze (D:4)
  An adder skeleton (D:4)
  A worm (D:3)
  A dart slug (D:2)
  A leopard gecko (D:3)
  8 orcs
  5 ball pythons (D:3)
  6 giant cockroaches
  8 hobgoblins
  3 jackals (D:3)
  A quokka (D:2)
  9 bats
  10 frilled lizards
  6 goblins
  4 kobolds
  A leopard gecko skeleton (D:4)
  8 rats
94 creatures vanquished.

Vanquished Creatures (collateral kills)
  An orc priest (D:3)
  2 worker ants (D:4)
  4 gnolls (D:3)
  3 adders
  A worm (D:2)
  An orc (D:3)
  A goblin (D:2)
  A jackal (D:3)
14 creatures vanquished.

Grand Total: 108 creatures vanquished

Notes
Turn   | Place    | Note
-------+----------+-------------------------------------------
     0 | D:1      | Conn the Octopode Wizard began the quest for the Orb.
     0 | D:1      | Reached XP level 1. HP: 11/11 MP: 4/4
   309 | D:1      | Reached XP level 2. HP: 17/17 MP: 0/6
   369 | D:1      | Learned a level 2 spell: Blink
   372 | D:1      | Learned a level 2 spell: Call Imp
  1275 | D:2      | Reached XP level 3. HP: 18/21 MP: 6/8
  1928 | D:2      | Reached XP level 4. HP: 17/27 MP: 9/9
  2422 | D:2      | Found a burning altar of Makhleb.
  2790 | D:3      | Reached XP level 5. HP: 21/31 MP: 8/11
  2987 | D:3      | Reached skill level 1 in Short Blades
  3427 | D:3      | Reached XP level 6. HP: 31/37 MP: 12/12
  3444 | D:3      | Found a faded altar of an unknown god.
  3890 | D:4      | Found a transporter.
  3895 | D:4      | Learned a level 3 spell: Conjure Flame
  3899 | D:4      | Learned a level 3 spell: Mephitic Cloud
  3899 | D:4      | Identified the +3 whip "Keeheg" {distort, rN+}
  3905 | D:4      | Learned a level 2 spell: Slow
  4247 | D:4      | Reached XP level 7. HP: 25/42 MP: 13/13
  4318 | D:4      | Found a transporter.
  4337 | D:4      | Found a one-way gate to the infinite horrors of the Abyss.
  4350 | D:4      | Noticed Zaque's ghost (weakling DgFE)
  4350 | D:4      | Noticed a small abomination
  4378 | D:4      | Noticed a small abomination
  4498 | D:4      | Reached skill level 1 in Fighting
  5296 | D:4      | Slain by a small abomination

Levels and vault maps discovered:
D:1:      sevenhm_arrival_forest_fort_large_4, layout_basic,
          minmay_misc_feat_tower, serial_park_tiny_pond
D:2:      layout_basic, marbit_many_paths, minmay_vboxes
D:3:      layout_basic, nicolae_overflow_hidden_temple,
          chequers_ecumenical_altar_simple, minmay_shallow_snake_nest
D:4:      layout_basic, first_ration, gammafunk_ghost_abyssal_escape

Skill      XL: |  1  2  3  4  5  6  7 |
---------------+----------------------+-----
Stealth        | 3 4 |  4.2
Spellcasting   | 4 |  4.6
Translocations | 2 3 |  3.7
Conjurations   | 2 3 |  3.1
Short Blades   | 1 |  1.7
Fighting       | 1 |  1.0
Dodging        | |  2.4
Summonings     | |  1.7

Action                   |  1- 3 |  4- 6 |  7- 9 || total
-------------------------+-------+-------+-------++-------
Melee: Unarmed           |     8 |       |       ||     8
       Constrict         |    13 |    23 |     6 ||    42
       Tentacles         |     3 |    11 |     3 ||    17
       Dagger            |    27 |       |       ||    27
       Short sword       |    15 |   111 |    26 ||   152
 Cast: Magic Dart        |    55 |    27 |    19 ||   101
       Call Imp          |     4 |    11 |       ||    15
       Conjure Flame     |       |     1 |     1 ||     2
       Blink             |       |     1 |     1 ||     2
       Mephitic Cloud    |       |       |     2 ||     2
  Use: Scroll            |     6 |     4 |       ||    10
       Potion            |       |     1 |       ||     1
 Stab: Sleeping          |     6 |    10 |     1 ||    17
  Eat: Chunk             |     3 |     8 |     2 ||    13
Armor: Skin              |    10 |     5 |     2 ||    17
Dodge: Dodged            |    39 |    71 |    25 ||   135

Table legend:
 A = Non-vault XP
 B = Vault XP
 C = Vault XP percentage of total XP
 D = Non-vault monster count
 E = Vault monster count
 F = Vault count percentage of total count
                 A         B        C        D         E       F
            +---------+---------+-------+---------+---------+-------
      Total |     742 |      30 |   3.9 |      96 |      12 |  11.1
            +---------+---------+-------+---------+---------+-------
        D:1 |      33 |       0 |   0.0 |      23 |       0 |   0.0
        D:2 |      45 |      12 |  21.1 |      14 |       7 |  33.3
        D:3 |     227 |      17 |   7.0 |      34 |       4 |  10.5
        D:4 |     437 |       1 |   0.2 |      25 |       1 |   3.8
            +---------+---------+-------+---------+---------+-------
